 Dungeon Sprint DCSS version 0.29-a0-732-g3d7fbe0af2 (webtiles) character file.

Game seed: 8506355092445710853

1225 Hipnos the Arsonist (level 8, -1/41 HPs)
             Began as a Deep Elf Fire Elementalist on June 29, 2022.
             Shot with a bolt by a yaktaur captain (42 damage)
             ... in the Dungeon (Sprint II: "The Violet Keep of Menkaure").
             The game lasted 00:09:07 (793 turns).

Hipnos the Arsonist (Deep Elf Fire Elementalist)     Turns: 793, Time: 00:09:08

Health: -1/41      AC:  5    Str:  5    XL:     8   Next: 23%
Magic:  21/25      EV: 16    Int: 23    God:
Gold:   293        SH:  0    Dex: 15    Spells: 10/30 levels left

rFire   + . .      SeeInvis .   c - +0 spear
rCold   . . .      Faith    .   (no shield)
rNeg    . . .      Spirit   .   j - +2 robe {rF+}
rPois   .          Reflect  .   (no helmet)
rElec   .          Harm     .   i - scarf {shadows}
rCorr   .          Rampage  .   (no gloves)
Will    .....      NoTele   +   h - +0 pair of boots
Stlth   ++........              (no amulet)
HPRegen 0.13/turn               (no ring)
MPRegen 0.19/turn               (no ring)

@: very slightly contaminated, very slow
A: no striking features
a: no special abilities


You were in the Dungeon.
You visited 1 branch You collected 986 gold pieces.
You spent 693 gold pieces at shops.

Inventory:

Hand Weapons
 c - a +0 spear (weapon)
Armour
 a - a +0 robe
 h - a +0 pair of boots (worn)
 i - a scarf of shadows (worn)
 j - a +2 robe of fire resistance (worn)
Scrolls
 g - a scroll of blinking
Potions
 b - 2 potions of magic
 d - a potion of heal wounds
 e - a potion of haste
 f - a potion of berserk rage


   Skills:
 + Level 8.5 Dodging
 + Level 6.8 Stealth
 + Level 11.5 Spellcasting
 * Level 5.6 Conjurations
 + Level 14.2 Fire Magic


You had 10 spell levels left.
You knew the following spells:

 Your Spells              Type           Power      Damage    Failure   Level
a - Foxfire               Conj/Fire      100%       2x1d9     1%          1
b - Scorch                Fire           100%       2d10      1%          2
c - Conjure Flame         Conj/Fire      56%        6-21      1%          3
d - Inner Flame           Hex/Fire       46%        N/A       1%          3
e - Flame Wave            Conj/Fire      56%        2d11      1%          4
f - Magic Dart            Conj           100%       1d8       1%          1
g - Searing Ray           Conj           78%        2d7       1%          2
h - Fulminant Prism       Conj/Hex       13%        3d9       16%         4

Your spell library contained the following spells:

 Spells                   Type           Power      Damage    Failure   Level


Dungeon Overview and Level Annotations

Branches:
Dungeon (1/1)

Altars:
Fedhas
Gozag
Nemelex Xobeh
Okawaru

Shops:
D !(:(?[[=!=!:[(:

Annotations:
D exclusions: ice statue and oklob plant, Kirke


Message History

Your Conjurations skill increases to level 5!
Your Fire Magic skill increases to level 14!
You have reached level 8!
You feel clever.
Casting: Foxfire (safe; 1% risk of failure)
Confirm with . or Enter, or press ? or * to list all spells.
You conjure some foxfire!
The foxfire hits the wyvern.
You kill the wyvern!
Your foxfire dissipates!
You start resting.
Your foxfire dissipates! x2
You start resting.
Magic restored.
There is a staircase leading out of the dungeon, spattered with blood here.
There is an open door here.
You now have 293 gold pieces (gained 243).
There is an open door here.
You open the door.
There is an open door here.
A skeletal warrior comes into view. It is wielding a +0 long sword.
Kirke and a yaktaur captain come into view.
The yaktaur captain shouts!
You hear a shout!
You hear an angry growl. x2
You enter the shallow water.
Moving in this stuff is going to be slow.
A kobold demonologist comes into view. It is wielding a +0 dagger.
Casting: Foxfire (safe; 1% risk of failure)
Confirm with . or Enter, or press ? or * to list all spells.
Okay, then.
Casting: Foxfire (safe; 1% risk of failure)
Confirm with . or Enter, or press ? or * to list all spells.
The spell is quite dangerous to miscast (16% risk of failure)!
Continue anyway?
Aiming: Fulminant Prism (quite dangerous; 16% risk of failure)
Press: ? - help, Dir - move target You miscast Fulminant Prism.
You are very lightly contaminated with residual magic.
Nothing appears to happen.
The yaktaur captain wields a +0 arbalest.
The yaktaur captain shoots a bolt.
The bolt hits you!!!
Ouch! That really hurt!
You die...

# .....8.°○.. K####..○..°...
c.K≈## .○○..
############c≈#+++#+++##
###########≈≈≈.........#
##∩.......#≈≈≈z.##'##..#
##.∩.....∩#≈≈≈≈##.#.##.####
##∩.....∩.#≈≈≈≈#.###.#....#
##.∩.∩.∩.∩#@≈####.#†####..##
##..∩.∩.∩.#≈##.###'###.##..#
##...∩.∩..#≈#..###.##...#..#
##....⌠...'≈'##.'.<.'.##'..#
##........#≈#..###.##...#...
#▓▓▓▓▓▓▓###≈##.###'###.##...
##(ss######≈≈####...####≈≈..
#??l#Y ##≈≈≈#..#..#≈≈≈≈≈≈
#∩P)+$ #'#≈##...##≈≈≈≈§§


You could see a yaktaur captain and a skeletal warrior.

Vanquished Creatures
  A merfolk siren (D)
  2 wyverns (D)
  A water moccasin (D)
  4 necrophages (D)
  5 scorpions (D)
13 creatures vanquished.

Vanquished Creatures (others)
  Menkaure (D)
  A water moccasin (D)
  29 foxfires (D)
  2 fulminant prisms (D)
33 creatures vanquished.

Grand Total: 46 creatures vanquished

Notes
Turn   | Place    | Note
-------+----------+-------------------------------------------
     0 | D        | Hipnos the Deep Elf Fire Elementalist began the quest for
                  | the Orb.
     0 | D        | Reached XP level 1. HP: 10/10 MP: 6/6
     1 | D        | Noticed a merfolk siren
     4 | D        | Noticed a scorpion
     4 | D        | Noticed a scorpion
    10 | D        | Killed a scorpion
    11 | D        | Reached skill level 5 in Spellcasting
    11 | D        | Reached skill level 6 in Fire Magic
    11 | D        | Reached XP level 2. HP: 13/15 MP: 2/10
    11 | D        | Reached XP level 3. HP: 17/19 MP: 2/11
    16 | D        | Killed a scorpion
    17 | D        | Reached skill level 8 in Fire Magic
    17 | D        | Reached XP level 4. HP: 20/24 MP: 11/14
    20 | D        | Learned a level 2 spell: Scorch
    24 | D        | Learned a level 3 spell: Conjure Flame
    28 | D        | Learned a level 3 spell: Inner Flame
    33 | D        | Learned a level 4 spell: Flame Wave
    35 | D        | Killed Menkaure
    66 | D        | Noticed a scorpion
    66 | D        | Noticed a scorpion
    73 | D        | Killed a scorpion
    74 | D        | Reached skill level 5 in Dodging
    74 | D        | Reached skill level 9 in Fire Magic
    74 | D        | Reached XP level 5. HP: 28/28 MP: 8/16
    75 | D        | Reached skill level 10 in Fire Magic
   154 | D        | Noticed a wyvern
   154 | D        | Noticed a wyvern
   163 | D        | Reached skill level 5 in Stealth
   163 | D        | Reached XP level 6. HP: 25/32 MP: 6/19
   165 | D        | Reached skill level 11 in Fire Magic
   311 | D        | Killed a merfolk siren
   312 | D        | Reached skill level 10 in Spellcasting
   312 | D        | Reached skill level 13 in Fire Magic
   312 | D        | Reached XP level 7. HP: 36/36 MP: 14/23
   384 | D        | Found Suragy's Antique Armour Shop.
   384 | D        | Found Sigaorr's Distillery.
   384 | D        | Found Bajeulaf's Book Shop.
   384 | D        | Found Goumohiu's Jewellery Boutique.
   384 | D        | Found Bibogut's Book Boutique.
   384 | D        | Found Luiroynk's Antique Weapon Boutique.
   385 | D        | Found Bieg's Distillery.
   385 | D        | Found Geogid's Jewellery Boutique.
   385 | D        | Found Isaubb's Antique Armour Shop.
   386 | D        | Found Haigovog's Antique Armour Shop.
   387 | D        | Noticed a redback
   388 | D        | Found Hihokim's Magic Scroll Boutique.
   388 | D        | Found Caerchek's Antique Weapon Shop.
   388 | D        | Noticed a redback
   388 | D        | Noticed an oklob plant
   389 | D        | Found Xemoawnu's Antique Weapon Shop.
   389 | D        | Found Wounaarph's Book Shoppe.
   389 | D        | Found Biaxycu's Distillery.
   391 | D        | Noticed a wyvern
   392 | D        | Noticed a wyvern
   400 | D        | Noticed a death yak
   417 | D        | Bought a book of Conjurations for 240 gold pieces
   422 | D        | Bought a pair of boots for 126 gold pieces
   422 | D        | Bought a glowing scarf for 224 gold pieces
   422 | D        | Bought a runed robe for 103 gold pieces
   589 | D        | Learned a level 1 spell: Magic Dart
   592 | D        | Learned a level 2 spell: Searing Ray
   597 | D        | Learned a level 4 spell: Fulminant Prism
   608 | D        | Noticed an ice statue
   680 | D        | Found an opulent altar of Gozag.
   680 | D        | Found an iron altar of Okawaru.
   681 | D        | Found a sparkling altar of Nemelex Xobeh.
   681 | D        | Found a blossoming altar of Fedhas.
   717 | D        | Killed a wyvern
   718 | D        | Reached skill level 5 in Conjurations
   718 | D        | Reached skill level 14 in Fire Magic
   718 | D        | Reached XP level 8. HP: 41/41 MP: 15/25
   787 | D        | Noticed a skeletal warrior
   788 | D        | Noticed Kirke
   788 | D        | Noticed a yaktaur captain
   789 | D        | Noticed a kobold demonologist
   793 | D        | Shot with a bolt by a yaktaur captain

Illustrated notes

Levels and vault maps discovered:
D:        the_violet_keep_of_menkaure [sprint2_stairs_cluster_1,
          sprint2_shoproom, sprint2_temple, sprint2_basic_supplies,
          sprint2_obstacle_5, sprint2_obstacle_6, sprint2_obstacle_2,
          sprint2_obstacle_7, sprint2_obstacle_1, sprint2_timed_cluster_1,
          sprint2_smallroom_cluster_1, sprint2_smallroom_final_cluster_1,
          sprint2_transparent_cluster_1, sprint2_second_timed_cluster_1,
          sprint2_sniper_area_1, sprint2_heavy_combat_area_1,
          sprint2_mutation_trap_area_1, sprint2_forest_area_1,
          sprint2_light_combat_area_1, sprint2_behind_water_1,
          sprint2_near_end_vault_1]

Skill      XL: |  1  2  3  4  5  6  7 |
---------------+----------------------+-----
Dodging        | 4 5 6 8 |  8.5
Stealth        | 3 4 5 6 |  6.8
Spellcasting   | 5 6 7 8 10 11 | 11.5
Fire Magic     | 6 8 9 10 13 14 | 14.2
Conjurations   | 2 3 4 5 |  5.6

Action                   |  1- 3 |  4- 6 |  7- 9 || total
-------------------------+-------+-------+-------++-------
Melee: Unarmed           |     1 |       |       ||     1
 Cast: Foxfire           |     8 |     6 |     3 ||    17
       Flame Wave        |       |     3 |       ||     3
       Scorch            |       |     2 |     5 ||     7
       Conjure Flame     |       |     1 |       ||     1
       Fulminant Prism   |       |       |     2 ||     2
  Use: Potion            |     2 |       |       ||     2
Dodge: Dodged            |     4 |     5 |     2 ||    11

Table legend: (Time is in decaauts)
 A = Elapsed time spent in this place.
 B = Non-inter-level travel time spent in this place.
 C = Inter-level travel time spent in this place.
 D = Time resting spent in this place.
 E = Time spent auto-exploring this place.
 F = Levels seen in this place.
 G = Mean time per level.
                   A        B        C        D        E       F      G
               +--------+--------+--------+--------+--------+-----+--------+
         Total |    820 |    820 |      0 |    472 |      0 |   1 |  820.0 |
       Dungeon |    820 |    820 |      0 |    472 |      0 |   1 |  820.0 |
               +--------+--------+--------+--------+--------+-----+--------+

Top non-repeatable levels by time:
       D: 820 daAuts
